[Event "Early-Titled-Tuesday-Blitz-March-12-2024"]
[Site "Chess.com"]
[Date "2024.03.12"]
[Round "10"]
[White "bazar-wokzal"]
[Black "Skatchkov_V"]
[Result "0-1"]
[WhiteElo "2561"]
[BlackElo "2685"]
[TimeControl "180+1"]
[EndTime "9:53:38 PDT"]
[Termination "Skatchkov_V won by resignation"]

1. e4 e5 2. Bc4 Nf6 3. d3 c6 4.
Nf3 d5 5. Bb3 a5 6. Nc3 d4 7.
Nxe5 dxc3 8. Nxf7 Qd4 9. bxc3 Bb4 10. cxb4 Rf8 11. Be3 Qxb4+ 12. Bd2 Qe7 13. a4 h6 14. O-O Be6 15. Nxh6 gxh6 16. Bxh6 Rg8 17. f4 Nbd7 18.
Bg5 Bxb3 19. cxb3 Qe6 20. f5 Qd6 21. Bf4 Qd4+ 22. Kh1 O-O-O 23. Qf3 Nc5 24. e5 Ng4 25. e6 Nxd3 26. Bg3 Rh8 27. e7 Rde8 28. f6 Nxh2 29. Bxh2 Rxh2+ 30. Kxh2 Rh8+ 31. Qh3+ Rxh3+ 32. gxh3 Qe5+ 33. Kg2 Qe4+ 34. Rf3 Nf4+ 35. Kg3 Nh5+ 36. Kf2 Qd4+ 37. Kg2 Qd2+ 38. Rf2 Qd5+ 39. Kg1 Qg5+ 40. Kf1 Nxf6 41.
Re1 Ne8 42. Rf8 Qh5 43. Rd1 Qxd1+ 44. Kf2 Kd7 45. h4 Qd2+ 46. Kf3 Qd3+ 47. Kf4 Kxe7 48. Rf5 Qd4+ 49. Kg5 Nd6 50. Rf4 Nf7+ 51. Kg4 Qg7+ 52.
Kf3 Qc3+ 53. Kg4 Qxb3 54. Re4+ Kf6 55. h5 Qd5 56. Rf4+ Kg7 57. Kh4 Qg5+ 0-1

[Event "Early-Titled-Tuesday-Blitz-March-12-2024"]
[Site "Chess.com"]
[Date "2024.03.12"]
[Round "10"]
[White "Barmen_EV"]
[Black "Egor_Koshulyan"]
[Result "1-0"]
[WhiteElo "2547"]
[BlackElo "2746"]
[TimeControl "180+1"]
[EndTime "9:53:40 PDT"]
[Termination "Barmen_EV won by resignation"]

1. e4 c5 2. c3 Qa5 3. Nf3 Nc6 4.
Be2 Nf6 5. e5 Ng4 6. O-O Ngxe5 7. Nxe5 Nxe5 8. d4 Ng6 9. Na3 e6 10. dxc5 Qxc5 11. Be3 Qa5 12. Nb5 d5 13. c4 a6 14. Nc3 dxc4 15. Na4 Be7 16. Nb6 Rb8 17. Nxc4 Qd8 18. Qb3 O-O 19. Rfd1 Qe8 20. Nb6 Ne5 21. Bf4 f6 22. Rac1 Qf7 23. Bc4 Nxc4 24. Bxb8 Nxb6 25. Qxb6 e5 26. Rc7 Be6 27. Qxb7 Re8 28. Rdc1 Bd5 29. Qxa6 Qg6 30. Qf1 Qg4 31. h3 Qe4 32.
Rc8 Rxc8 33. Rxc8+ Kf7 34. Rc3 Bb4 35. Re3 Qd4 36.
Qd3 Qc5 37. Ba7 Qc1+ 38. Kh2 Be6 39. Bb6 Qc6 40. Ba7 Bd6 41. g3 Bd5 42. Qc3 Qd7 43. Bc5 Bb8 44. Rd3 Qe6 45. Be3 Bb7 46. Qb3 Qxb3 47.
Rxb3 Bd5 48. Rxb8 Bxa2 49. Ra8 Bd5 50. Ra7+ Kg6 51. h4 f5 52. h5+ Kf6 53. Bc5 e4 54.
Be7+ Ke6 55. Bg5 g6 56. hxg6 hxg6 57. Be3 g5 58. Bxg5 e3 59. Bxe3 f4 60. Bxf4 1-0

[Event "Early-Titled-Tuesday-Blitz-March-12-2024"]
[Site "Chess.com"]
[Date "2024.03.12"]
[Round "10"]
[White "RandomNoob04"]
[Black "sokidze"]
[Result "0-1"]
[WhiteElo "2619"]
[BlackElo "2777"]
[TimeControl "180+1"]
[EndTime "9:53:40 PDT"]
[Termination "sokidze won by resignation"]

1. e4 e5 2. d4 exd4 3. Qxd4 Nc6 4. Qe3 Nf6 5. e5 Nd5 6. Qe4 Nb6 7. Nf3 Be7 8. Nc3 O-O 9. Bd3 g6 10. Bh6 Re8 11. O-O-O d5 12. Qf4 Nb4 13. Ng5 Be6 14.
h4 Bf8 15. Bxf8 Nxd3+ 16. Rxd3 Rxf8 17. Nce4 Nd7 18. Ng3 h6 19. Nxe6 fxe6 20. Qxh6 Nxe5 21. Rd2 Qf6 22. f3 Nc4 23. h5 Qxb2+ 24. Kd1 Qa1+ 25. Ke2 Qe5+ 26. Kf2 Nxd2 27. hxg6 Qd4+ 28. Ke2 Qg7 29. Qh3 Qxg6 30. Kxd2 Kf7 31. Qh4 Rh8 32.
Qf4+ Qf6 33. Qxc7+ Kg6 34. Re1 Rh7 35. Qc5 Qg5+ 36.
Qe3 Qxe3+ 37. Rxe3 Re8 38. Re2 Kf7 39. Nf1 Rg8 40.
Ne3 b5 41. Ng4 Rg5 42. Ne5+ Kf6 43. f4 Rg3 44. Nd3 Rhg7 45. Nc5 Rxg2 46. Nd7+ Ke7 47. Ne5 Rxe2+ 48. Kxe2 Kf6 49. Kd3 Kf5 50. Nf3 Rg3 51.
Ke3 Kg4 52. Kd4 Rxf3 53. f5 Rxf5 0-1

[Event "Early-Titled-Tuesday-Blitz-March-12-2024"]
[Site "Chess.com"]
[Date "2024.03.12"]
[Round "10"]
[White "shimastream"]
[Black "sergoy"]
[Result "0-1"]
[WhiteElo "2963"]
[BlackElo "3030"]
[TimeControl "180+1"]
[EndTime "9:53:41 PDT"]
[Termination "sergoy won on time"]

1. Nf3 d5 2. g3 g6 3. c4 c6 4. Qa4 dxc4 5. Qxc4 Bg7 6. Bg2 e5 7. d3 Ne7 8. O-O Nd7 9. Qc2 O-O 10. Nc3 Nb6 11.
b3 h6 12. Bb2 Nf5 13. e3 Qe7 14. Ne4 Rd8 15. Rfd1 Nd5 16. a3 a5 17. Rac1 Nfxe3 18. fxe3 Nxe3 19. Qe2 Nxd1 20. Rxd1 Bf5 21. Nf2 Rd6 22. g4 Be6 23. Nd2 Bd5 24. Nc4 Rdd8 25. Ne4 b5 26. Ncd2 Rd7 27. Rc1 Rdd8 28. Qf2 Rab8 29.
Rf1 Rd7 30. Nc5 Rdd8 31. Nde4 Rbc8 32. b4 axb4 33. axb4 Ra8 34. Bc3 Ra2 35. Qg3 Rda8 36. h4 Rc2 37. Rf2 Raa2 38. Rxc2 Rxc2 39. g5 hxg5 40.
hxg5 Bxe4 41. Nxe4 Rxc3 42. Nxc3 Qxb4 43. Ne4 Qb1+ 44.
Kh2 b4 45. Nf6+ Bxf6 46. gxf6 Qb2 47. Qg5 e4 48. dxe4 Qd4 49. e5 b3 50. Kh3 Qc3+ 51. Kh4 Qd4+ 52. Kg3 Qc3+ 53. Bf3 b2 54. e6 b1=Q 55.
e7 Qg1+ 56. Kh4 Qh2+ 57. Kg4 Qd4+ 0-1

[Event "Early-Titled-Tuesday-Blitz-March-12-2024"]
[Site "Chess.com"]
[Date "2024.03.12"]
[Round "10"]
[White "Bkmzzzzz"]
[Black "KnightmareJoker"]
[Result "0-1"]
[WhiteElo "2390"]
[BlackElo "2254"]
[TimeControl "180+1"]
[EndTime "9:53:47 PDT"]
[Termination "KnightmareJoker won on time"]

1. e4 e5 2. Nf3 Nc6 3. Nc3 Nf6 4. d4 exd4 5. Nxd4 Bb4 6. Nxc6 bxc6 7. Bd3 d5 8. exd5 cxd5 9. O-O O-O 10. Bg5 c6 11. Na4 Bd6 12. c3 h6 13. Bh4 Re8 14. b4 Be5 15. Re1 a5 16. a3 axb4 17.
axb4 Re7 18. Bc2 Qe8 19. Qd2 Bg4 20. Nc5 Rxa1 21. Rxa1 d4 22. cxd4 Bxd4 23. Rf1 Be5 24. h3 Bc8 25. Qd3 g6 26. Qf3 g5 27. Bg3 Bd4 28.
Qd3 Bxc5 29. bxc5 Re1 30. Bd6 Rxf1+ 31. Kxf1 Qe6 32. Bb3 Ba6 33. Qxa6 Qxb3 34. Kg1 Qb1+ 35. Kh2 Qe4 36. Qc8+ Qe8 37. Qc7 Nd5 38. Qb7 Nf4 39. Qc7 Qe4 40. Qd8+ Kg7 41. Qf8+ Kg6 42. Qg8+ Kf6 43.
Qh8+ Ke6 44. Qxh6+ Ng6 45. Qxg5 Qd5 46. Qxd5+ cxd5 47.
Kg3 d4 48. Kf3 Kd5 49. g3 f6 50. h4 Nh8 51. h5 Nf7 52. g4 Ng5+ 53. Ke2 Kc4 54.
f4 d3+ 55. Kd1 Ne4 56. h6 Kc3 57. Ke1 d2+ 58. Ke2 Kc2 0-1

[Event "Early-Titled-Tuesday-Blitz-March-12-2024"]
[Site "Chess.com"]
[Date "2024.03.12"]
[Round "10"]
[White "AnishOnYoutube"]
[Black "LiamPutnam2008"]
[Result "1-0"]
[WhiteElo "3047"]
[BlackElo "2894"]
[TimeControl "180+1"]
[EndTime "9:53:49 PDT"]
[Termination "AnishOnYoutube won by checkmate"]

1. d4 Nf6 2. c4 e6 3. Nf3 b6 4. g3 Ba6 5. b3 Bb4+ 6. Bd2 Be7 7. Bg2 c6 8. O-O O-O 9. Qc2 d5 10. a4 Nbd7 11. a5 Ne4 12. Rc1 Nxd2 13. Nbxd2 Bb4 14. axb6 axb6 15. e4 Nf6 16. e5 Nd7 17.
cxd5 cxd5 18. Bf1 Bxf1 19. Nxf1 Qe7 20. Qc7 h6 21. Rxa8 Rxa8 22. Qb7 Rb8 23. Qa7 Qe8 24. Qa4 Bf8 25. Rc7 b5 26. Qa7 Ra8 27. Qb7 Rb8 28.
Qc6 Rd8 29. Kg2 b4 30. Ne3 Nb8 31. Qb7 Rd7 32. h4 Rxc7 33. Qxc7 Qb5 34. g4 Na6 35. Qc8 Nb8 36. g5 hxg5 37. Nxg5 Qb6 38. Qe8 Qb7 39.
h5 Nc6 40. Nxe6 fxe6 41. Qxe6+ Kh8 42. Qe8 Kg8 43. Qe6+ Kh8 44. Qxd5 Qc8 45. Qe4 Qd7 46. d5 Ne7 47. d6 Ng8 48. Nd5 Qe6 49. f3 Nh6 50.
Nf4 Qxb3 51. Ng6+ Kg8 52. d7 Qa2+ 53. Kg3 Qd2 54. Qc4+ Nf7 55. f4 Qe3+ 56. Kg4 Qg1+ 57. Kf5 Qb1+ 58. Ke6 Qd1 59. Ne7+ Bxe7 60. Kxe7 Kh7 61.
Qxf7 b3 62. Qg6+ Kh8 63. d8=Q+ Qxd8+ 64. Kxd8 b2 65. Ke7 b1=Q 66. Qxb1 g5 67. Qg6 gxf4 68. Kf7 f3 69. Qh6# 1-0

[Event "Early-Titled-Tuesday-Blitz-March-12-2024"]
[Site "Chess.com"]
[Date "2024.03.12"]
[Round "10"]
[White "Danny_Billiards"]
[Black "snowlord"]
[Result "0-1"]
[WhiteElo "2793"]
[BlackElo "2915"]
[TimeControl "180+1"]
[EndTime "9:53:49 PDT"]
[Termination "snowlord won on time"]

1. d4 f5 2. g3 Nf6 3. Bg2 e6 4. Nd2 d5 5. Ndf3 c5 6. c3 Nc6 7. Nh3 Bd6 8. Bf4 Be7 9. O-O O-O 10. Bg5 h6 11. Bxf6 Rxf6 12. dxc5 Bxc5 13. Nf4 a5 14. c4 d4 15. Nd2 e5 16. Nd5 Rf7 17. e4 dxe3 18.
Nxe3 e4 19. Nd5 Be6 20. Nf4 Qf6 21. Nxe6 Qxe6 22. Nb3 Ba7 23. Qd5 Re8 24. Rad1 a4 25. Qxe6 Rxe6 26. Nc1 Ne5 27. b3 a3 28. Rd5 Nc6 29. Ne2 Nb4 30. Ra5 Ra6 31. Rxa6 bxa6 32. Rd1 g5 33. Kf1 Kg7 34. Nc3 Bc5 35. g4 fxg4 36. Nxe4 Ba7 37. Rd2 a5 38. Nd6 Rf4 39. Nb5 Bc5 40. Nxa3 Nd3 41. Nc2 Nxf2 42. Ke1 h5 43. a3 Ne4 44. Bxe4 Rxe4+ 45. Re2 Rxe2+ 46. Kxe2 Bd6 47. b4 axb4 48. axb4 Bxh2 49. Ne3 Kf6 50. c5 Ke6 51. b5 Be5 52. b6 Kd7 53. Kd3 g3 54. Ke4 Bf4 55. Ng2 Kc6 56. Kf3 h4 57. Kg4 Kxc5 58. b7 Bb8 59. Kxg5 h3 0-1

[Event "Early-Titled-Tuesday-Blitz-March-12-2024"]
[Site "Chess.com"]
[Date "2024.03.12"]
[Round "10"]
[White "Vladimir_Zakhartsov"]
[Black "PepeCuenca"]
[Result "1-0"]
[WhiteElo "2860"]
[BlackElo "2708"]
[TimeControl "180+1"]
[EndTime "9:53:54 PDT"]
[Termination "Vladimir_Zakhartsov won on time"]

1. d4 Nf6 2. c4 g6 3. Nc3 Bg7 4. e4 d6 5. h3 Nbd7 6. Be3 e5 7. d5 h5 8. Nf3 Bh6 9. Bxh6 Rxh6 10. Qd2 Rh8 11.
Bd3 h4 12. O-O-O Nh5 13. Ne2 Nc5 14. Bc2 a5 15. g4 Ng7 16. Ne1 g5 17. Ng2 f6 18.
Ne3 Bd7 19. Nc3 Kf7 20. Qe2 Qb8 21. Kd2 Qa7 22. Ke1 Rhd8 23. Kf1 Qb6 24. Rb1 c6 25. Kg2 Ne8 26. Rhd1 Nc7 27. Nf5 Bxf5 28. exf5 a4 29. Qe3 Qb4 30. Ne4 Nxe4 31. Bxe4 c5 32. Rdc1 Rdb8 33. Rc3 b5 34. a3 Qa5 35. b4 axb3 36.
Rcxb3 Rb6 37. Bd3 Rab8 38. cxb5 Qa4 39. Qe2 Ke7 40. Bc4 Ra8 41. Qd3 Ra5 42. Rc3 Ra7 43.
Qd2 Ra8 44. Ra1 Ra7 45. Bb3 Qa5 46. Bc4 Nxb5 47. Bxb5 Rxb5 48. Qc2 Rab7 49. Ra2 R7b6 50. Rc4 Rb1 51. Qe2 Qa8 52. a4 Qxd5+ 53. f3 Qa8 54. a5 Ra6 55. Rca4 Rb7 56. Qc4 Qb8 57. Qe6+ Kd8 58. Qxf6+ Kc7 59. Qf7+ Kc6 60. Qc4 Rb2+ 61.
Kf1 Qb5 62. Rxb2 Qxc4+ 63. Rxc4 1-0

[Event "Early-Titled-Tuesday-Blitz-March-12-2024"]
[Site "Chess.com"]
[Date "2024.03.12"]
[Round "10"]
[White "andrew-blr"]
[Black "Kirill_Klukin"]
[Result "1/2-1/2"]
[WhiteElo "2633"]
[BlackElo "2805"]
[TimeControl "180+1"]
[EndTime "9:53:54 PDT"]
[Termination "Game drawn - insufficient material"]

1. d4 Nf6 2. c4 Nc6 3. e3 e6 4.
Nc3 Bb4 5. Ne2 O-O 6. a3 Bxc3+ 7. Nxc3 d6 8. Be2 e5 9. O-O Bf5 10. b4 exd4 11. exd4 Ne4 12. Nxe4 Bxe4 13. d5 Ne5 14.
Bb2 Qg5 15. f3 Bd3 16. f4 Bxe2 17. Qxe2 Qg4 18. Qc2 Nd7 19. h3 Qg6 20. f5 Qh5 21.
f6 Rfe8 22. Rae1 gxf6 23. Qf2 Qg6 24. Rxe8+ Rxe8 25. Bxf6 Nxf6 26. Qxf6 Qxf6 27. Rxf6 Re4 28. c5 Kg7 29. Rf3 Rd4 30. cxd6 cxd6 31. Rc3 Rxd5 32. Rc7 Rb5 33. Kf2 Kf6 34. Ke3 a5 35. bxa5 Rxa5 36. Rxb7 Rxa3+ 37. Kf4 Ra4+ 38. Ke3 h5 39. Rb5 h4 40.
Kf3 Ke6 41. Rb6 Ke5 42. Rb7 Ke6 43. Rb6 f5 44. Rb8 Ra3+ 45. Kf4 Ra4+ 46. Kf3 Ra3+ 47.
Kf4 Rg3 48. Re8+ Kd5 49. Rh8 Rxg2 50. Kxf5 Rf2+ 51. Kg5 Ke4 52. Rxh4+ Ke3 53. Rh6 d5 54. Rd6 d4 55. h4 d3 56. h5 Rg2+ 57. Kf6 Rg4 58.
h6 Rh4 59. Kg7 d2 60. Rxd2 Kxd2 61. h7 Rg4+ 62. Kf7 Rf4+ 63. Kg7 Rg4+ 64. Kf7 Rh4 65. Kg7 Ke3 66. h8=Q Rxh8 67. Kxh8 1/2-1/2

[Event "Early-Titled-Tuesday-Blitz-March-12-2024"]
[Site "Chess.com"]
[Date "2024.03.12"]
[Round "10"]
[White "PLAYER_2006_M"]
[Black "mishanick"]
[Result "0-1"]
[WhiteElo "2989"]
[BlackElo "3104"]
[TimeControl "180+1"]
[EndTime "9:53:55 PDT"]
[Termination "mishanick won by resignation"]

1. e4 c5 2. Nf3 Nc6 3. Nc3 Nf6 4. Bb5 d6 5. e5 Nd7 6. exd6 exd6 7. d4 Be7 8. O-O O-O 9. Nd5 Nb6 10. Nxe7+ Qxe7 11. h3 Bf5 12. Re1 Qc7 13. c3 a6 14. Bf1 Rae8 15. Bf4 Rxe1 16. Qxe1 cxd4 17. Rd1 Nd5 18.
Nxd4 Nxd4 19. Rxd4 Nxf4 20. Rxf4 Be6 21. a3 Qc5 22.
Rd4 Rd8 23. Qe3 g6 24. g3 Rd7 25. Bg2 h5 26. h4 a5 27. Kh2 b6 28. Qf4 Kg7 29.
Rd3 Qe5 30. Qd2 Qc5 31. b4 Qe5 32. Re3 Qf6 33. Rf3 Qe5 34. Re3 Qf6 35. Rd3 Qe5 36. Rd4 Kg8 37. Re4 Qf6 38. Rd4 Qe5 39. Qd3 Rc7 40. Qd2 Kg7 41. Qd3 axb4 42. axb4 b5 43. Qd2 Ra7 44. Re4 Qf6 45. Rf4 Qe5 46. Re4 Qf6 47. Qxd6 Qxf2 48. Qe5+ Qf6 49. Qxf6+ Kxf6 50. Bf1 Ra2+ 51. Kg1 Bd7 52. Re3 Bc6 53. Be2 Rc2 54. Kf2 Bd5 55. Ke1 Bc6 56. Kd1 Ra2 57. Kc1 Ra1+ 58. Kb2 Rg1 59. c4 bxc4 60. Bxc4 g5 61. hxg5+ Kxg5 62. Bxf7 Rf1 63. Kc3 Rxf7 64. Kd4 Rf5 65.
Re6 Bb5 66. Re8 Bxe8 0-1

[Event "Early-Titled-Tuesday-Blitz-March-12-2024"]
[Site "Chess.com"]
[Date "2024.03.12"]
[Round "10"]
[White "KetiTsatsalashvili"]
[Black "SaiAgni_98"]
[Result "1-0"]
[WhiteElo "2449"]
[BlackElo "2541"]
[TimeControl "180+1"]
[EndTime "9:54:01 PDT"]
[Termination "KetiTsatsalashvili won by resignation"]

1. d4 Nf6 2. Nf3 d6 3. c4 Nbd7 4. Nc3 e5 5. e4 Be7 6. Be2 O-O 7. O-O c6 8. h3 a6 9. d5 c5 10. Nh2 Ne8 11. Be3 g6 12. Bh6 Ng7 13. Qd2 f5 14. exf5 Rxf5 15. Bg4 Rf8 16. Be6+ Kh8 17. Ng4 Nf6 18.
Bxc8 Rxc8 19. Nxf6 Bxf6 20. Ne4 Rf7 21. a3 Nf5 22.
Bg5 Bxg5 23. Nxg5 Rf6 24. Ne6 Qe7 25. f4 exf4 26. Rxf4 Ng7 27. Rxf6 Qxf6 28. Rf1 Qe5 29. Re1 Qf6 30. Qf4 Qxf4 31. Nxf4 Re8 32. Rxe8+ Nxe8 33. Ne6 Kg8 34. Kf2 Kf7 35. Nd8+ Kf6 36. Nxb7 Ke5 37. Ke3 Ng7 38. g4 h5 39. Nd8 hxg4 40. hxg4 Kf6 41.
Kf4 Ne8 42. b4 cxb4 43. axb4 g5+ 44. Ke4 Kg6 45. Nb7 Nf6+ 46. Kf3 Ne8 47. c5 dxc5 48.
bxc5 Kf6 49. Ke4 Ke7 50. Kf5 Kd7 51. Kxg5 Nc7 52. d6 Ne6+ 53. Kf6 a5 54. c6+ Kxc6 55. Kxe6 Kxb7 56. d7 a4 57. d8=Q a3 58. Qa5 a2 59.
Qxa2 Kc8 60. Qa6+ Kb8 61. Qb6+ Ka8 62. Qc6+ Kb8 63. Qd7 Ka8 64. Kd6 1-0

[Event "Early-Titled-Tuesday-Blitz-March-12-2024"]
[Site "Chess.com"]
[Date "2024.03.12"]
[Round "10"]
[White "Flawless_Fighter"]
[Black "LeRoidesChampions"]
[Result "1-0"]
[WhiteElo "2849"]
[BlackElo "2647"]
[TimeControl "180+1"]
[EndTime "9:54:04 PDT"]
[Termination "Flawless_Fighter won by resignation"]

1. e4 c5 2. Nf3 a6 3. c3 e6 4.
d4 d5 5. exd5 exd5 6. Bd3 Nf6 7.
O-O Be7 8. dxc5 Bxc5 9. Nbd2 O-O 10. Nb3 Bd6 11. h3 h6 12. Re1 Nc6 13. Be3 Re8 14.
Bc5 Rxe1+ 15. Qxe1 Be6 16. Bxd6 Qxd6 17. Qe3 Re8 18. Re1 Bd7 19. Qd2 Ne5 20. Nxe5 Rxe5 21.
Re3 Qe7 22. Rxe5 Qxe5 23. Nd4 Ne4 24. Qe3 Qe8 25. Nf3 Bc6 26. a3 Bb5 27. Bc2 Bc6 28.
Nd4 Nd6 29. Qxe8+ Bxe8 30. Bb3 Bc6 31. f3 Kf8 32. Kf2 Ke7 33. Ke3 f6 34. g4 Kd7 35.
Ba2 a5 36. h4 g6 37. Kf4 g5+ 38. hxg5 hxg5+ 39. Ke3 b6 40. Bb3 Bb7 41. Ba4+ Ke7 42.
Bb3 Kd7 43. Ne2 Ke7 44. Ng3 Bc8 45. Bxd5 Be6 46. Bxe6 Kxe6 47. Kd4 Nb5+ 48. Kd3 Ke5 49. Nh5 Nd6 50. b3 f5 51. c4 fxg4 52. fxg4 Ne4 53. Ke3 Nc3 54. Ng3 a4 55. bxa4 Nxa4 56. Ne4 Nb2 57.
Nd2 Nd1+ 58. Ke2 Nb2 59. Ke3 Nd1+ 60. Kf3 Nb2 61. Kg3 Kd4 62. Nf3+ Kxc4 63. Nxg5 Nd3 64. Nf7 Nc5 65. Kf4 Kb3 66. Kf5 Kxa3 67. g5 Nd7 68.
g6 Nf8 69. g7 Ng6 70. Kxg6 1-0

[Event "Early-Titled-Tuesday-Blitz-March-12-2024"]
[Site "Chess.com"]
[Date "2024.03.12"]
[Round "10"]
[White "Mops_2004"]
[Black "FormerProdigy"]
[Result "0-1"]
[WhiteElo "2844"]
[BlackElo "2976"]
[TimeControl "180+1"]
[EndTime "9:54:05 PDT"]
[Termination "FormerProdigy won on time"]

1. g3 e5 2. Bg2 d5 3. d3 Nf6 4. Nf3 Nc6 5. O-O Be7 6. c3 a5 7. Qc2 h6 8. e4 dxe4 9. dxe4 Be6 10. Rd1 Qb8 11. Nbd2 Qa7 12. Nf1 Bc5 13. Be3 O-O 14.
Bxc5 Qxc5 15. Ne3 Rfd8 16. a3 a4 17. Rxd8+ Nxd8 18. Nd2 Nc6 19. Bf1 Rd8 20. Rd1 b5 21.
Be2 Rd7 22. Qb1 Na5 23. Nf3 Nb3 24. Rxd7 Bxd7 25. Bd1 Qd6 26. Bc2 g6 27. Qe1 Bc6 28. Nf1 Nc5 29. N3d2 Kg7 30. f3 Bd7 31. Qe3 Bh3 32.
Kf2 h5 33. Ke1 c6 34. Bb1 Be6 35. Bc2 Nfd7 36. Qf2 Nb6 37. Qe3 f6 38. Bb1 Nc4 39.
Nxc4 Bxc4 40. Nd2 Be6 41. Bc2 g5 42. h4 gxh4 43. gxh4 Bf7 44. Qg1+ Kh7 45. Qe3 Ne6 46. Nf1 Nf4 47. Qd2 Qxd2+ 48. Kxd2 Ng2 49. Ng3 Nxh4 50. Ke2 Kg6 51. Kf2 Kg5 52. Bd3 Be6 53. Ne2 Ng6 54. Ke3 Nf4 55. Nxf4 exf4+ 56. Kf2 h4 57. Kg2 h3+ 58.
Kh2 Kh4 59. Bf1 Bc8 60. Be2 Bd7 61. Bf1 Be6 62. Be2 Bc4 63. Bd1 c5 64. Bc2 Be2 65. e5 fxe5 66. Be4 Bc4 67. Bc6 Bd3 68. Bd5 e4 69.
fxe4 f3 0-1

[Event "Early-Titled-Tuesday-Blitz-March-12-2024"]
[Site "Chess.com"]
[Date "2024.03.12"]
[Round "10"]
[White "margarita_2703"]
[Black "willcab71"]
[Result "0-1"]
[WhiteElo "2352"]
[BlackElo "2153"]
[TimeControl "180+1"]
[EndTime "9:54:12 PDT"]
[Termination "willcab71 won by resignation"]

1. Nf3 Nf6 2. d4 g6 3. c4 Bg7 4. g3 O-O 5. Bg2 d6 6. O-O Bg4 7. h3 Bc8 8. g4 Ne4 9. Nc3 Nxc3 10. bxc3 Nc6 11. e4 e5 12. a4 Re8 13. Re1 Na5 14.
Qd3 c5 15. Ba3 b6 16. Red1 Ba6 17. Nd2 Qc7 18. d5 Qd7 19. Bb2 Rf8 20. Bf1 Bh6 21. Qg3 Bf4 22. Qg2 Kh8 23. f3 f5 24.
Bc1 Be3+ 25. Kh1 f4 26. Bd3 Rg8 27. Qe2 Qe7 28. Nf1 Bxc1 29. Raxc1 Qh4 30. Kg2 Qe7 31. Nd2 Qd7 32. Ra1 Kg7 33. Rh1 h5 34. g5 h4 35.
Rhg1 Rh8 36. Kh2 Rh5 37. Rg4 Qe7 38. Qg2 Bc8 39. Rg1 Bd7 40. Bc2 Rah8 41. Qf2 Bxg4 42. fxg4 R5h7 43. Qe2 Qxg5 44. Nf3 Qe7 45. g5 Rh5 46. Rg4 Nb7 47. Qf2 Nd8 48. Bd1 R5h7 49. Nxh4 Nf7 50. Nf3 Rxh3+ 51. Kg2 Nxg5 52. Nxg5 Rh2+ 53.
Kf1 Rxf2+ 54. Kxf2 Rh2+ 55. Kg1 Rd2 56. Ne6+ Kf6 57.
Bf3 Rd3 58. Kg2 Qh7 59. Ng5 Rd2+ 60. Kf1 Qh2 61. Bg2 Rb2 62. Nf3 Rb1+ 63. Kf2 Qh6 64. Nh4 Rb2+ 65. Kf1 g5 66. Nf3 Qh5 67. Rxg5 Qxg5 68.
Nxg5 Kxg5 69. Bf3 Ra2 70. Be2 Rxa4 71. Bd3 Ra3 72. Ke2 Rxc3 73. Kd2 Ra3 74. Kc2 Ra4 75. Kb3 Rb4+ 76. Kc3 a5 77. Bc2 a4 78. Bxa4 Rxa4 0-1

[Event "Early-Titled-Tuesday-Blitz-March-12-2024"]
[Site "Chess.com"]
[Date "2024.03.12"]
[Round "10"]
[White "platy3"]
[Black "vasblesk"]
[Result "1-0"]
[WhiteElo "2960"]
[BlackElo "2766"]
[TimeControl "180+1"]
[EndTime "9:54:39 PDT"]
[Termination "platy3 won by checkmate"]

1. e4 e5 2. Nf3 Nf6 3. Nxe5 d6 4. Nf3 Nxe4 5. d4 d5 6. Bd3 Bd6 7. O-O O-O 8. c4 c6 9. Nc3 Nxc3 10. bxc3 dxc4 11. Bxc4 Bf5 12. Bg5 Qa5 13. Nh4 Be6 14.
Bxe6 Qxg5 15. Nf3 Qa5 16. Bb3 Nd7 17. Qd3 Nf6 18. g3 Rae8 19. Kg2 g6 20. Rfe1 Kg7 21. h4 h6 22. Rad1 Qc7 23. c4 c5 24. d5 Rxe1 25. Rxe1 Re8 26. Rxe8 Nxe8 27. Qc3+ Kh7 28. Ba4 Ng7 29. Bc2 Kg8 30. Nh2 h5 31. Nf3 Qe7 32. Qb3 Ne8 33. Qc3 Bc7 34. Ng5 Nd6 35. Bd3 Bd8 36. Nf3 Qf6 37. Qa3 Bb6 38. Qa4 Qe7 39. Ng5 a6 40. Qa3 Qe5 41.
Qb3 Bd8 42. Nf3 Qe7 43. Qb2 b5 44. Qc1 b4 45. Qh6 Qf8 46. Qe3 Ne8 47. Ne5 Qe7 48.
f4 Bc7 49. Kf3 Bd6 50. Bc2 Ng7 51. Qe2 a5 52. Qe3 Qe8 53. Nc6 Qxe3+ 54. Kxe3 Bc7 55.
d6 Bxd6 56. Nxa5 Ne8 57. Nb7 Be7 58. Ke4 Nf6+ 59. Ke5 Kg7 60. Bd1 Ne8 61. Kd5 Nf6+ 62. Ke5 Ne8 63. Bf3 Nc7 64. Bc6 f6+ 65. Ke4 Kf7 66.
Bd5+ Kg7 67. Bc6 Ne6 68. Bd7 Nc7 69. f5 g5 70. Bc8 Kf8 71. Bd7 Kg7 72. Kf3 Kh6 73. Na5 Bd6 74. Nc6 Kg7 75. Nd8 gxh4 76.
gxh4 Kh6 77. Nf7+ Kg7 78. Nxd6 Kf8 79. Nb7 Ke7 80. Bc6 Na6 81. Bb5 Nc7 82. Nxc5 Kd6 83. Nd3 Nxb5 84. cxb5 Kd5 85. b6 Kd4 86. Nxb4 Kc5 87. b7 Kb6 88. b8=Q+ Ka5 89. Nc6+ Ka4 90. Qb4# 1-0

[Event "Early-Titled-Tuesday-Blitz-March-12-2024"]
[Site "Chess.com"]
[Date "2024.03.12"]
[Round "10"]
[White "Chessmissile07"]
[Black "Casper"]
[Result "1-0"]
[WhiteElo "2899"]
[BlackElo "2494"]
[TimeControl "180+1"]
[EndTime "9:54:40 PDT"]
[Termination "Chessmissile07 won on time"]

1. a3 g6 2. g3 Bg7 3. Bg2 Nf6 4. c4 O-O 5. Nc3 c6 6. e4 d5 7.
exd5 cxd5 8. Nxd5 Nc6 9. Ne3 e5 10. Ne2 e4 11. O-O Ne5 12. Nc3 Qd3 13. b3 Be6 14.
Qc2 Rad8 15. Qxd3 Rxd3 16. Nc2 Nf3+ 17. Bxf3 exf3 18. Ne1 Rd6 19. Nxf3 Bh3 20. Re1 Rd3 21. Ne5 Rdd8 22. Nf3 Rd3 23. Re3 Rfd8 24. Rxd3 Rxd3 25. Ne1 Rd8 26. Nc2 Ng4 27. d4 Bxd4 28. Nxd4 Rxd4 29. Bf4 Rd3 30. Rc1 Rf3 31. Rc2 Nxf2 32. Rxf2 Rxc3 33.
Rd2 Rxb3 34. Bh6 f6 35. a4 Rb4 36.
Rd8+ Kf7 37. Rb8 b6 38. Rb7+ Ke6 39. Rxa7 Rxc4 40. Kf2 Rc2+ 41. Ke3 Rxh2 42. Rb7 Rb2 43.
Rxh7 Bg2 44. Bf8 Bc6 45. g4 Bxa4 46. Kd4 Rd2+ 47. Kc3 Rg2 48. Ra7 Bc6 49. Rc7 Bd5 50. Re7+ Kd6 51. Rg7+ Kc6 52. Rxg6 Bf3 53. Rxf6+ Kb5 54.
Rf5+ Kc6 55. Rxf3 Rxg4 56. Bh6 Ra4 57. Kb3 Re4 58. Be3 Re6 59. Kc4 Re4+ 60. Bd4 Re6 61. Rb3 Kc7 62. Kd5 Rd6+ 63. Ke4 Re6+ 64. Be5+ Kb7 65. Kd5 Rc6 66. Bd6 Rc1 67. Be5 Rc6 68.
Bd4 Rh6 69. Rf3 Rc6 70. Rf7+ Rc7 71. Rf6 Rd7+ 72. Kc4 Rc7+ 73. Kb5 Rd7 74. Rxb6+ Kc8 75. Bc5 Rh7 76. Ra6 Rb7+ 77. Kc6 Rc7+ 78. Kd5 Rd7+ 79. Bd6 Rb7 80. Kc6 1-0

[Event "Early-Titled-Tuesday-Blitz-March-12-2024"]
[Site "Chess.com"]
[Date "2024.03.12"]
[Round "10"]
[White "MightyMike_009"]
[Black "Meri-Arabidze"]
[Result "1-0"]
[WhiteElo "2862"]
[BlackElo "2715"]
[TimeControl "180+1"]
[EndTime "9:54:46 PDT"]
[Termination "MightyMike_009 won by resignation"]

1. d4 Nf6 2. c4 e6 3. Nc3 Bb4 4.
e3 O-O 5. Bd2 d5 6. Nf3 a6 7. a3 Be7 8. Qc2 dxc4 9. Bxc4 b5 10. Ba2 Bb7 11. b4 Nbd7 12. O-O Bxf3 13. gxf3 c6 14.
Ne4 Rc8 15. Nc5 Nxc5 16. dxc5 Rc7 17. Kh1 Rd7 18. Rad1 Qc7 19. Rde1 Rfd8 20. Bc3 Nd5 21. Ba1 Bf6 22. Bxd5 Rxd5 23. Bxf6 gxf6 24. Rg1+ Kh8 25. f4 Qe7 26. Rg3 Rg8 27. Reg1 Rxg3 28. Rxg3 Qd8 29.
Kg2 f5 30. Qc3+ f6 31. Qb3 Qd7 32. Qb2 Qd8 33. Qa2 Qd7 34. Qa1 Qd8 35. h4 Rd1 36.
Qa2 Qd5+ 37. Qxd5 Rxd5 38. Rh3 Rd3 39. Rh1 Kg7 40. Ra1 Rb3 41. Rd1 Rxa3 42. Rd6 Kg6 43. Rxe6 Ra4 44. Rxc6 Rxb4 45. Rxa6 Rc4 46. c6 b4 47. Rb6 h5 48. Kf3 b3 49. Rxb3 Rxc6 50. Rb8 Rc1 51. Rg8+ Kh7 52. Ra8 Kg6 53. Ra7 Rh1 54.
Kg3 Rb1 55. Ra8 Rc1 56. Rg8+ Kh7 57. Rd8 Kg6 58. Rd7 Rb1 59. Rc7 Rg1+ 60. Kh2 Rf1 61.
Kg2 Ra1 62. Rc2 Rb1 63. Rd2 Rc1 64. Kf3 Rh1 65. Kg3 Rg1+ 66. Kh2 Rf1 67. Kg2 Rb1 68.
f3 Rc1 69. e4 Rc4 70. Re2 Ra4 71. Kg3 Ra3 72. e5 fxe5 73. fxe5 Ra4 74. e6 Ra8 75. e7 Re8 76. Kf4 Kf6 77. Re5 Rxe7 78. Rxe7 Kxe7 79. Kxf5 Kf7 80. Kg5 Ke6 81. Kxh5 Kf5 82. Kh6 Kf6 83. f4 Kf5 84. h5 Kf6 85. Kh7 Kf7 86. h6 Kf8 87.
Kg6 Kg8 88. f5 Kf8 89. f6 Kg8 90. f7+ Kf8 91. h7 1-0